 Dungeon Crawl Stone Soup version 0.30-a0-634-g8abc85282e (webtiles) character file.

Game seed: 16719559706029236850

1011 OTABOTABOTAB the Caller (level 8, 34/34 HPs)
             Began as a Felid Summoner on Jan 14, 2023.
             Quit the game on level 4 of the Dungeon on Jan 15, 2023.
             The game lasted 00:17:20 (5253 turns).

OTABOTABOTAB the Caller (Felid Summoner)            Turns: 5253, Time: 00:17:21

Health: 34/34      AC:  2    Str:  4    XL:     8   Next: 1%
Magic:  6/16       EV: 17    Int: 18    God:
Gold:   135        SH:  0    Dex: 17    Spells: 7/16 levels left
                                        Lives:  2   Deaths: 0

rFire   + . .      SeeInvis +    (weapon unavailable)
rCold   . . .      Faith    .    (shield unavailable)
rNeg    . . .      Spirit   .    (body armour unavailable)
rPois   .          Reflect  .    (helmet unavailable)
rElec   .          Harm     .    (cloak unavailable)
rCorr   .          Rampage  .    (gloves unavailable)
Will    +....                    (boots unavailable)
Stlth   +++                      (no amulet)
HPRegen 0.25/turn                F - ring of protection from fire {rF+, !d}
MPRegen 0.15/turn                (no ring)

@: quick
A: very small, claws 1, fangs 3, see invisible, speed 1, shaggy fur 2, stealthy
paws, no weapons or thrown items, no armour, multi-lived
a: no special abilities


You were on level 4 of the Dungeon.
You visited 1 branch of the dungeon, and saw 4 of its levels.

You collected 135 gold pieces.

Inventory:

Jewellery
 F - a ring of protection from fire (left paw) {rF+, !d}
   (You found it on level 3 of the Dungeon)
Wands
 d - a wand of digging (4)
   (You found it on level 3 of the Dungeon)
 y - a wand of mindburst (4)
   (You took it off Ijyb on level 4 of the Dungeon)
Scrolls
 a - 2 scrolls of fog {unknown}
 e - a scroll of magic mapping {unknown}
 f - 3 scrolls of poison {unknown}
 h - 3 scrolls of fear {unknown}
 i - 2 scrolls of silence {unknown}
 k - 2 scrolls of identify {unknown}
 l - 2 scrolls of teleportation {unknown}
 m - a scroll of butterflies {unknown}
Potions
 b - 2 potions of curing {unknown}
 c - 2 potions of resistance {unknown}
 g - a potion of ambrosia {unknown}
 j - 3 potions of degeneration {unknown}
 M - 4 potions of magic
 N - a potion of heal wounds {@q2}


   Skills:
 + Level 3.4 Fighting
 * Level 2.6 Dodging
 - Level 6.0 Stealth
 + Level 4.6 Spellcasting
 + Level 4.8 Hexes
 + Level 6.2 Summonings


You had 7 spell levels left.
You knew the following spells:

 Your Spells              Type           Power      Damage    Failure   Level
a - Summon Small Mammal   Summ           100%       N/A       1%          1
b - Call Canine Familiar  Summ           26%        N/A       3%          3
c - Call Imp              Summ           26%        N/A       1%          2
d - Summon Guardian Gole  Hex/Summ       24%        N/A       4%          3

Your spell library contained the following spells:

 Spells                   Type           Power      Damage    Failure   Level
 Summon Lightning Spire   Summ/Air       15%        N/A       36%         4


Dungeon Overview and Level Annotations

Branches:
Dungeon (4/15)
 Temple: D:4-7

Altars:


Innate Abilities, Weirdness & Mutations

You have sharp claws.
You have razor-sharp teeth.
You have supernaturally acute eyesight. (SInv)
You cover ground quickly. (Speed+)
You are covered in thick fur. (AC +2)
Your paws help you pounce on unaware monsters.
You are incapable of wielding weapons or throwing items.
You cannot wear armour.
You gain extra lives every three experience levels.


Message History

The iguana bites your hound.
Your crimson imp hits the iguana but does no damage.
Your hound bites the iguana.
Your quokka bites the iguana.
The iguana barely misses your hound.
Your crimson imp hits the iguana but does no damage.
Your quokka bites the iguana but does no damage.
Your hound bites the iguana but does no damage.
Your hound barely misses the iguana.
Your quokka barely misses the iguana.
Your crimson imp hits the iguana but does no damage.
The iguana bites your crimson imp.
Your hound barely misses the iguana.
Your quokka closely misses the iguana.
Your crimson imp blinks!
Your hound barely misses the iguana.
The iguana barely misses your quokka.
Your quokka bites the iguana but does no damage.
Your hound bites the iguana.
Your crimson imp blinks!
Your quokka closely misses the iguana.
Your hound closely misses the iguana.
The iguana bites your crimson imp!
Your hound bites the iguana.
The iguana dies!
Your quokka disappears in a puff of smoke!
Your guardian golem disappears in a puff of smoke!
Your crimson imp disappears in a puff of smoke!
Your hound disappears in a puff of smoke!
You now have 135 gold pieces (gained 18).
MP restored: 14 Unknown command.
A guardian golem appears, shielding your allies.
The gnoll shouts!
You now have 11/14 mp.
You now have 8/14 mp.
A beastly little devil appears in a puff of flame.
Your crimson imp says, "Let's sow havoc!"
You now have 6/14 mp.
The gnoll misses your hound.
A jackal comes into view.
Your hound bites the gnoll.
You now have 5/14 mp.
The gnoll hits your hound with a +0 flail!
Your hound bites the gnoll.
You hear a shout! x2; You hear a bark!
You hear a shout!
You now have 4/14 mp.
Your hound bites the gnoll.
The gnoll hits your hound with a +0 flail!
Your crimson imp blinks!
Your hound barely misses the gnoll.
The gnoll hits your hound with a +0 flail!
Your quokka closely misses the jackal.
Your hound bites the gnoll.
The jackal misses your quokka.
Your hound bites the gnoll.
Your quokka barely misses the jackal.
The gnoll closely misses your hound. The jackal bites your hound.
Your hound dies!
Your hound's corpse disappears in a puff of smoke!
Your quokka completely misses the jackal.
The howler monkey barely misses your quokka.
The gnoll hits your guardian golem with a +0 flail.
Your quokka bites the howler monkey.
The jackal closely misses your quokka.
Your quokka barely misses the jackal.
The howler monkey misses your quokka.
Your quokka bites the howler monkey.
The jackal barely misses your quokka.
The gnoll hits your guardian golem with a +0 flail!
Your quokka closely misses the jackal.
The howler monkey misses your quokka.
Your guardian golem overheats!
The jackal bites your quokka. Flame seeps out of your guardian golem.
Your quokka bites the howler monkey.
The gnoll barely misses your guardian golem.
Your quokka closely misses the jackal.
The jackal bites your quokka but does no damage.
The howler monkey hoots and howls with incredible vigour!
Your quokka bites the howler monkey.
Your guardian golem is engulfed in blazing flames.
Flame seeps out of your guardian golem.
Your crimson imp hits the gnoll.
The gnoll dies!
You hear a shout!
The jackal bites your crimson imp. Flame seeps out of your guardian golem.
Your quokka barely misses the jackal.
The howler monkey barely misses your quokka.
Your quokka bites the howler monkey.
Your guardian golem is engulfed in blazing flames.
Flame seeps out of your guardian golem.
Your crimson imp closely misses the jackal.
The jackal bites your crimson imp.
Your quokka barely misses the jackal.
The howler monkey misses your quokka.
Your quokka closely misses the howler monkey.
The jackal closely misses your quokka.
Your crimson imp blinks!
Your quokka bites the jackal.
The howler monkey hoots and howls with incredible vigour!
Your quokka barely misses the howler monkey.
Your quokka barely misses the jackal.
You hear a shout!
The howler monkey misses your quokka.
Your quokka bites the howler monkey.
The jackal bites your quokka but does no damage.
Your quokka closely misses the jackal.
The howler monkey barely misses your quokka.
Your quokka bites the howler monkey.
The howler monkey dies!
Your Stealth skill increases to level 6!
You have reached level 8!
Health restored: 34

.[.......#
###.........#......##
...[.....## ##................#
..........# ##.#.............##
..[....).## ##..#.............#
.........####...##......#....##
#......)##.##..........###..##
.......[)..#.........### ##.#
..#.##.###....###.#### ###
.##.#...###..##.@5.#
.##....#####.##r.### ###.g.##
#...h†..... ≈≈#...##
#..9.r.....
.≈#....####.).......
.≈#..#.g###...).....#
.≈#..##59.........#.#
.≈#.###.........#####
.≈#..##..........#


You could see a jackal (ally target), a friendly guardian golem (summoned, inner
flame), a friendly crimson imp (summoned, sheltered) and 2 friendly quokkas.

Vanquished Creatures (collateral kills)
  Grinder (D:4)
  Duvessa (D:4)
  Dowan (D:4)
  A howler monkey (D:4)
  4 orc priests (D:4)
  A gnoll bouda (D:4)
  Ijyb (D:4)
  An iguana (D:4)
  3 orc wizards
  7 gnolls (D:4)
  8 adders
  An ufetubus (D:4)
  A worm (D:2)
  A dart slug (D:4)
  20 orcs
  4 ball pythons
  4 bats
  6 endoplasms
  2 giant cockroaches
  7 goblins
  5 hobgoblins
  16 jackals
  5 kobolds
  4 quokkas
  2 rats (D:1)
107 creatures vanquished.

Vanquished Creatures (others)
  A gnoll sergeant (D:4)
  3 plants (D:4)
4 creatures vanquished.

Grand Total: 111 creatures vanquished

Notes
Turn   | Place    | Note
-------+----------+-------------------------------------------
     0 | D:1      | OTABOTABOTAB the Felid Summoner began the quest for the
                  | Orb.
     0 | D:1      | Reached XP level 1. HP: 7/7 MP: 4/4
   415 | D:1      | Reached XP level 2. HP: 11/11 MP: 1/6
   418 | D:1      | Learned a level 2 spell: Call Imp
   996 | D:2      | Reached XP level 3. HP: 14/14 MP: 8/8
  1000 | D:2      | Learned a level 3 spell: Call Canine Familiar
  1553 | D:2      | Reached skill level 3 in Spellcasting
  2167 | D:3      | Reached XP level 4. HP: 18/18 MP: 1/9
  2171 | D:3      | Learned a level 3 spell: Summon Guardian Golem
  2355 | D:3      | Reached skill level 3 in Stealth
  2355 | D:3      | Reached skill level 5 in Summonings
  3120 | D:4      | Reached skill level 1 in Fighting
  3248 | D:4      | Reached XP level 5. HP: 12/22 MP: 8/11
  3252 | D:4      | Reached skill level 1 in Hexes
  3372 | D:4      | Noticed Duvessa
  3418 | D:4      | Reached skill level 4 in Stealth
  3418 | D:4      | Reached skill level 2 in Hexes
  3490 | D:4      | Killed Duvessa
  3490 | D:4      | Noticed Dowan
  3491 | D:4      | Reached skill level 2 in Fighting
  3491 | D:4      | Gained mutation: You are covered in thick fur. (AC +2)
                  | [Felid growth]
  3491 | D:4      | Reached XP level 6. HP: 26/26 MP: 4/12
  3502 | D:4      | Killed Dowan
  3728 | D:4      | Reached skill level 4 in Spellcasting
  3728 | D:4      | Reached skill level 3 in Hexes
  3860 | D:4      | Noticed Ijyb
  4237 | D:4      | Trevise: otabotab
  4237 | D:4      | OTABOTABOTAB: hihihi
  4388 | D:4      | Reached XP level 7. HP: 30/30 MP: 7/14
  4395 | D:4      | Noticed Grinder
  4472 | D:4      | Reached skill level 5 in Stealth
  4898 | D:4      | Killed Ijyb
  4899 | D:4      | Reached skill level 4 in Hexes
  5050 | D:4      | Killed Grinder
  5051 | D:4      | Reached skill level 3 in Fighting
  5051 | D:4      | Reached skill level 6 in Summonings
  5253 | D:4      | Reached skill level 6 in Stealth
  5253 | D:4      | Reached XP level 8. HP: 34/34 MP: 6/16
  5253 | D:4      | Quit the game

Illustrated notes

Levels and vault maps discovered:
D:1:      mushboom_english_gardens, layout_basic
D:2:      layout_basic, hangedman_decor_slide_cut, dk_noncrumbling_3
D:3:      layout_basic
D:4:      lemuel_castle_with_subvaults [lemuel_castle_interior_carwin_2],
          layout_cave_pools, kennysheep_generic_room_11, uniq_grinder,
          uniq_ijyb, uniq_duvessa

Skill      XL: |  1  2  3  4  5  6  7 |
---------------+----------------------+-----
Spellcasting   | 3 4 |  4.6
Stealth        | 3 4 6 |  6.0
Summonings     | 5 6 |  6.2
Fighting       | 1 2 3 |  3.4
Hexes          | 2 3 4 |  4.8
Dodging        | |  2.6

Action                   |  1- 3 |  4- 6 |  7- 9 || total
-------------------------+-------+-------+-------++-------
Melee: Unarmed           |     1 |     1 |       ||     2
 Cast: Summon Small Mamm |    43 |    40 |    20 ||   103
       Call Imp          |    12 |    16 |    12 ||    40
       Call Canine Famil |     8 |    17 |    11 ||    36
       Summon Guardian G |       |     7 |     9 ||    16
  Use: Potion            |       |     1 |       ||     1
Armor: Skin              |     3 |     5 |     1 ||     9
Dodge: Dodged            |    20 |    29 |    12 ||    61

Table legend: (Time is in decaauts)
 A = Elapsed time spent in this place.
 B = Non-inter-level travel time spent in this place.
 C = Inter-level travel time spent in this place.
 D = Time resting spent in this place.
 E = Time spent auto-exploring this place.
 F = Levels seen in this place.
 G = Mean time per level.
                   A        B        C        D        E       F      G
               +--------+--------+--------+--------+--------+-----+--------+
         Total |   4773 |   4691 |     82 |    465 |   3092 |   4 | 1193.2 |
       Dungeon |   4773 |   4691 |     82 |    465 |   3092 |   4 | 1193.2 |
               +--------+--------+--------+--------+--------+-----+--------+

Top non-repeatable levels by time:
     D:4: 1889 daAuts
     D:3: 1132 daAuts
     D:2: 1040 daAuts
     D:1: 711 daAuts

Table legend:
 A = Kills in this place as a percentage of kills in entire the game.
 B = Kills by you in this place as a percentage of kills by you in the entire game.
 C = Kills by friends in this place as a percentage of kills by friends in the entire game.
 D = Other kills in this place as a percentage of other kills in the entire game.
 E = Experience gained in this place as a percentage of experience gained in the entire game.
 F = Experience gained in this place divided by the number of levels of this place that you have seen.
                   A       B       C       D       E      F
               +-------+-------+-------+-------+-------+----------------------
         Total | 100.0 |   N/A | 100.0 | 100.0 | 100.0 | 361.2
       Dungeon | 100.0 |   N/A | 100.0 | 100.0 | 100.0 | 361.2
               +-------+-------+-------+-------+-------+----------------------
